AoeStats
← Arda Asar

Arena

510736920Analyzed
2v2 RM · 21h ago on Oct 2, 2026· 40m 59s· 4 players
Game mode
Random Map
Map size
Medium (4 player)
Population
200
Speed
Normal
Resources
Standard
Victory
Conquest
Starting age
Dark Age
Ending age
Imperial Age
RankedLock teamsTeams togetherTeam positionsShared explorationLock speedFull tech treeHidden civsTurbo modeCheats
Victory
Defeat
🇵🇪 Bohemians · Peru
1520
+13
🇹🇷 Teutons · Türkiye
1513
+14
🇭🇰 Armenians · Hong Kong SAR China
1468
-14
🇭🇰 Britons · Hong Kong SAR China
1452
-13
Arda Asar
6:16 Loom
9:11 Feudal Age
10:04 Town Watch
10:42 Fletching
18:39 Horse Collar
18:45 Double-Bit Axe
24:48 Castle Age
23:28 Forging
23:23 Scale Barding Armor
23:28 Forging
23:34 Gold Mining
23:34 Stone Mining
23:34 Gold Mining
25:06 Bloodlines
26:23 Wheelbarrow
31:12 Heavy Plow
32:23 Chain Barding Armor
32:38 Iron Casting
32:50 Bow Saw
35:31 Hand Cart
36:48 Stone Shaft Mining
37:07 Iron Casting
41:10 Imperial Age
39:03 Town Patrol
39:00 Bodkin Arrow
39:05 Padded Archer Armor
39:01 Bodkin Arrow
39:06 Padded Archer Armor
40:15 Ballistics
40:05 Masonry
39:41 Elite Skirmisher
TVHG.Phraymus
10:25 Feudal Age
14:31 Castle Age
12:56 Double-Bit Axe
16:13 Bow Saw
16:16 Fervor
16:07 Horse Collar
23:14 Wheelbarrow
26:40 Imperial Age
25:59 Chemistry
25:54 Loom
26:59 Padded Archer Armor
28:15 Leather Archer Armor
29:47 Crossbowman
30:18 Fletching
30:51 Town Watch
31:43 Ballistics
31:23 Bodkin Arrow
32:52 Siege Engineers
35:00 Bracer
36:50 Arbalester
41:06 Ring Archer Armor
39:59 Elite Skirmisher
40:35 Houfnice
leo2000112
11:09 Feudal Age
12:17 Double-Bit Axe
12:37 Gold Mining
13:52 Horse Collar
16:17 Castle Age
14:41 Man-at-Arms
16:38 Long Swordsman
21:14 Heavy Plow
24:03 Squires
24:34 Loom
24:52 Stone Mining
25:15 Bow Saw
29:22 Imperial Age
26:15 Two-Handed Swordsman
27:45 Fortified Wall
28:03 Gambesons
28:20 Scale Mail Armor
30:25 Conscription
30:11 Fereters
31:42 Chain Mail Armor
33:03 Wheelbarrow
33:19 Plate Mail Armor
36:48 Elite Skirmisher
37:26 Fletching
38:05 Forging
38:22 Bodkin Arrow
39:00 Bodkin Arrow
blue
10:23 Feudal Age
8:43 Loom
10:28 Feudal Age
15:07 Castle Age
27:10 Double-Bit Axe
28:01 Fletching
30:58 Bodkin Arrow
34:01 Ballistics
35:28 Masonry
35:23 Gold Mining
35:22 Pikeman
37:49 Wheelbarrow
39:18 Yeomen
43:14 Imperial Age
41:12 Hand Cart
41:06 Padded Archer Armor
Connection lost

Rejoining the realm…

Still unreachable

The connection could not be restored.

Session expired

The server has moved on; the page needs a fresh start.